 Dungeon Crawl Stone Soup version 0.24-a0-580-g6a6c3f83c1 (webtiles) character file.

Game seed: 4761484482812174461

216395 KapersCrawl the Slayer (level 19, -1/189 HPs)
             Began as a Hill Orc Fire Elementalist on Aug 5, 2019.
             Was the Champion of Vehumet.
             Killed from afar by a purple draconian (15 damage)
             ... with a bolt of dispelling energy
             ... on level 3 of the Abyss on Aug 22, 2019.
             The game lasted 04:27:23 (59712 turns).

KapersCrawl the Slayer (HOFE)                      Turns: 59712, Time: 04:27:25

Health: -1/189     AC: 30    Str: 14      XL:     19   Next: 5%
Magic:  42/42      EV:  6    Int: 15 (17) God:    Vehumet [******]
Gold:   1584       SH:  5    Dex: 11      Spells: 4/38 levels left

rFire    + + +     SeeInvis +   w - +5 demon trident (vamp)
rCold    + + .     Gourm    .   x - +1 buckler {rF+}
rNeg     . . .     Faith    .   H - +7 chain mail "Xoorin" {*Drain *Slow rPois rF+++}
rPois    +         Spirit   .   U - +2 helmet
rElec    .         Reflect  .   k - +2 cloak
rCorr    .         Harm     .   V - +2 pair of gloves
MR       +....                  S - +2 pair of boots
Stlth    ..........             g - amulet of magic regeneration
HPRegen  0.41/turn              y - ring of Qaihoif {rC+ MP+9 Int-3 Stlth+}
MPRegen  0.53/turn              i - ring of Umnih {Wiz rC+ SInv, =R}

@: afraid, very slightly contaminated, slowed, heavily drained, invisible
(expiring), very slow
A: no striking features
}: 1/15 runes: barnacled
a: Renounce Religion


You were on level 3 of the Abyss.
You worshipped Vehumet.
Vehumet was exalted by your worship.
You were not hungry.

You visited 7 branches of the dungeon, and saw 33 of its levels.
You visited the Abyss 2 times.
You also visited: Gauntlet.

You collected 3052 gold pieces.
You spent 1468 gold pieces at shops.

Inventory:

Hand Weapons
 w - a +5 vampiric demon trident (weapon)
Armour
 k - a +2 cloak (worn)
 x - a +1 buckler of fire resistance (worn)
 H - the +7 chain mail "Xoorin" (worn) {*Drain *Slow rPois rF+++}
   (You found it on level 6 of the Lair of Beasts)

   It renders you almost immune to fire.
   It protects you from poison.
   It causes draining when unequipped.
   It may slow you when you take damage.
 S - a +2 pair of boots (worn)
 U - a +2 helmet (worn)
 V - a +2 pair of gloves (worn)
Magical Staves
 e - an uncursed staff of conjuration
Jewellery
 a - an uncursed ring of resist corrosion
 d - the ring "Xunauci" {rElec SInv}
   (You found it on level 6 of the Lair of Beasts)

   [ring of see invisible]

   It insulates you from electricity.
   It lets you see invisible.
 g - an amulet of magic regeneration (around neck)
 i - the ring of Umnih (right hand) {Wiz rC+ SInv, =R}
   (You found it on level 4 of the Lair of Beasts)

   [ring of wizardry]

   It improves your spell success rate.
   It protects you from cold.
   It lets you see invisible.
 s - an uncursed ring of protection from magic
 y - the ring of Qaihoif (left hand) {rC+ MP+9 Int-3 Stlth+}
   (You found it in a Gauntlet)

   [ring of protection from cold]

   It affects your intelligence (-3).
   It protects you from cold.
   It affects your magic capacity (+9).
   It makes you more stealthy.
 M - an uncursed ring of positive energy
Wands
 o - a wand of disintegration (32)
 t - a wand of flame (55)
 v - a wand of iceblast (13)
 C - a wand of paralysis (10)
 E - a wand of enslavement (15)
 J - a wand of scattershot (5)
 L - a wand of random effects (14)
 P - a wand of polymorph (14)
Scrolls
 b - a scroll of enchant armour
 h - 17 scrolls of remove curse
 n - 9 scrolls of immolation
 A - 6 scrolls of magic mapping
 D - 5 scrolls of fog
 F - a scroll of blinking
 G - 5 scrolls of amnesia
 I - 4 scrolls of teleportation
 Q - 2 scrolls of torment
 W - a scroll of summoning
 X - 3 scrolls of identify
 Z - a scroll of fear
Potions
 j - a potion of heal wounds
 l - 2 potions of agility
 p - 4 potions of might
 q - 2 potions of invisibility
 r - 10 potions of curing
 z - 5 potions of haste
 B - 5 potions of flight
 K - a potion of magic
 N - 2 potions of resistance
 R - 3 potions of brilliance
 T - a potion of ambrosia
 Y - 2 potions of berserk rage
Miscellaneous
 u - a lamp of fire
 O - a fan of gales (inert)
Comestibles
 c - 16 rations
 f - 3 chunks of flesh


   Skills:
 + Level 21.3(17.7) Fighting
 + Level 4.2(1.8) Polearms
 - Level 9.0(6.2) Armour
 - Level 4.0(1.6) Dodging
 - Level 4.0(1.6) Stealth
 - Level 5.0(2.5) Shields
 - Level 10.0(7.1) Spellcasting
 - Level 10.0(7.1) Conjurations
 + Level 7.5(4.8) Hexes
 - Level 4.0(1.6) Charms
 - Level 6.0(3.4) Necromancy
 - Level 13.0(9.9) Fire Magic
 - Level 5.0(2.5) Air Magic
 - Level 6.0(3.4) Earth Magic
 - Level 10.0(7.1) Evocations


You had 4 spell levels left.
You knew the following spells:

 Your Spells              Type           Power        Failure   Level  Hunger
a - Stone Arrow           Conj/Erth      ###...       12%         3    ##.....
b - Conjure Flame         Conj/Fire      ####....     3%          3    ##.....
c - Sticky Flame          Conj/Fire      ####....     10%         4    ####...
d - Fireball              Conj/Fire      ####......   24%         5    #####..
e - Shock                 Conj/Air       ###.         4%          1    None
g - Swiftness             Chrm/Air       ##......     58%         2    None
h - Bolt of Fire          Conj/Fire      ####......   73%         6    #######
i - Throw Flame           Conj/Fire      ####..       1%          2    None
j - Fulminant Prism       Conj/Hex       ###.......   26%         4    ####...
O - Animate Skeleton      Necr           N/A          28%         1    None
P - Regeneration          Chrm/Necr      ##........   75%         3    ##.....

Your spell library contained the following spells:

 Spells                   Type           Power        Failure   Level  Hunger
 Freezing Cloud           Conj/Ice/Air   ###.......   100%        6    #######
 Flame Tongue             Conj/Fire      ####.        1%          1    None
 Magic Dart               Conj           ####         1%          1    None
 Searing Ray              Conj           ####..       3%          2    None
 Inner Flame              Hex/Fire       ####....     5%          3    ##.....
 Sandblast                Erth           ###...       9%          1    None
 Dazzling Spray           Conj/Hex       ###...       9%          3    ##.....
 Confusing Touch          Hex            ###...       16%         1    None
 Corona                   Hex            ###....      16%         1    None
 Iskenderun's Mystic Bla  Conj           ####....     17%         4    ####...
 Slow                     Hex            ###.....     24%         2    None
 Pain                     Necr           ###.         28%         1    None
 Corpse Rot               Necr           N/A          41%         2    None
 Sublimation of Blood     Necr           ###.......   41%         2    None
 Tukima's Dance           Hex            ###.....     43%         3    ##.....
 Force Lance              Conj/Tloc      ###.....     52%         4    ####...
 Passwall                 Tmut/Erth      ##......     63%         2    None
 Vampiric Draining        Necr           ###.......   63%         3    ##.....
 Spectral Weapon          Hex/Chrm       ###.....     65%         3    ##.....
 Apportation              Tloc           #.....       73%         1    None
 Summon Butterflies       Summ           #.......     73%         1    None
 Summon Small Mammal      Summ           #...         73%         1    None
 Portal Projectile        Hex/Tloc       ##....       77%         3    ##.....
 Cause Fear               Hex            ###.......   82%         4    ####...
 Leda's Liquefaction      Hex/Erth       ###.......   89%         4    ####...
 Lesser Beckoning         Tloc           #.........   97%         3    ##.....
 Petrify                  Tmut/Erth      ##......     99%         4    ####...
 Summon Lightning Spire   Summ/Air       #.......     99%         4    ####...
 Bolt of Magma            Conj/Fire/Erth ####......   43%         5    #####..
 Bolt of Draining         Conj/Necr      ###.......   61%         5    #####..
 Lightning Bolt           Conj/Air       ###.......   67%         5    #####..
 Lee's Rapid Deconstruct  Erth           ###.......   83%         5    #####..
 Iron Shot                Conj/Erth      ###.......   98%         6    #######
 Agony                    Necr           ###.....     100%        5    #####..
 Alistair's Intoxication  Tmut/Pois      #.......     100%        5    #####..
 Dispel Undead            Necr           ###.....     100%        5    #####..
 Excruciating Wounds      Chrm/Necr      ##........   100%        5    #####..
 Invisibility             Hex            ###.....     100%        6    #######
 Simulacrum               Ice/Necr       ##........   100%        6    #######
 Statue Form              Tmut/Erth      ##.......    100%        6    #######
 Ignition                 Fire           #####.....   100%        8    #######
 Tornado                  Air            ##........   100%        9    #######


Dungeon Overview and Level Annotations

Branches:
Dungeon (15/15)            Temple (1/1) D:5            Lair (6/6) D:9
 Shoals (4/4) Lair:2       Spider (4/4) Lair:2        Slime (0/5) Lair:6
    Orc (2/2) D:10            Elf (1/3) Orc:2        Vaults (0/5) D:13
 Depths (0/5) D:15

Altars:
Ashenzari
Cheibriados
Dithmenos
Elyvilon
Fedhas
Gozag
Hepliaklqana
Kikubaaqudgha
Makhleb
Nemelex Xobeh
Okawaru
Qazlal
Ru
Sif Muna
Trog
Uskayaw
Vehumet
Wu Jian
Xom
Yredelemnul
Zin
The Shining One
Beogh

Shops:
D:6 [**   D:13 }   Orc:2 :[*(

Annotations:
D:2 exclusion: door
D:4 exclusion: downstairs
D:7 exclusions: centaur and downstairs
D:12 exclusion: downstairs
D:13 exclusion: downstairs
D:14 1 runed translucent door, exclusion: downstairs, Gall2222's ghost, adept TrMo
Lair:1 exclusion: downstairs
Lair:5 exclusion: downstairs
Shoals:2 exclusion: downstairs
Shoals:3 exclusion: downstairs
Shoals:4 2 exclusions, Bai Suzhen
Spider:1 exclusion: 2 downstairs
Spider:2 exclusion: 2 downstairs
Spider:4 Mara
Elf:1 Louise


Message History

The purple draconian is moderately wounded.
The purple draconian hits you but does no damage.
The eidolon hits you!
* * * LOW HITPOINT WARNING * * *
The eidolon drains your vigour!
You feel yourself slow down.
The eidolon hits you but does no damage.
Unknown command.
You hit the purple draconian but do no damage.
The purple draconian is moderately wounded.
The eidolon hits you!
* * * LOW HITPOINT WARNING * * *
The eidolon drains your vigour!
You feel as though you will be slow longer.
The eidolon closely misses you.
The purple draconian breathes dispelling energy at you.
The bolt of dispelling energy hits you!
You feel strangely stable.
Your magical effects are unravelling.
You die...

# .## ##
.# # ##.
.# ##.
#... .
#..##.#
.. #.W#
.# ## #.#
.. #..#
#.##.#
#..##W§.#
#..d@##
#.####


You could see a purple draconian and an eidolon.

Vanquished Creatures
  Nikola (Shoals:3)
  2 tentacled starspawn (Abyss:3)
  A kraken (Shoals:3)
  Kirke (Lair:4)
  Agnes (Elf:1)
  Roxanne (Spider:4)
  Donald (Elf:1)
  2 ghost moths
  An orc warlord (Orc:1)
  2 emperor scorpions
  Aizul (Shoals:3)
  2 stone giants
  An entropy weaver (Spider:1)
  The ghost of Kae the Fencer, a journeyman MiFi of Okawaru (Lair:6)
  6 dire elephants (Lair:6)
  A minotaur (Gauntlet)
  An ettin (Orc:2)
  Josephine (Lair:6)
  5 merfolk javelineers
  7 merfolk impalers
  A deep elf high priest (Elf:1)
  2 ogre magi
  Harold (D:11)
  12 hydras
  2 merfolk avatars
  2 centaur warriors
  Erica (D:11)
  A catoblepas (D:14)
  2 dancing weapons (Elf:1)
  An anaconda (Lair:6)
  13 two-headed ogres
  A satyr (Shoals:3)
  2 merfolk aquamancers
  2 death scarabs (Gauntlet)
  15 death yaks
  A tengu warrior (D:14)
  4 orc high priests (Orc:2)
  Sonja (D:13)
  2 deep elf knights
  3 skeletal warriors
  2 large abominations
  A flayed ghost (D:15)
  7 sea snakes
  4 unseen horrors
  A deep elf archer (Elf:1)
  6 harpies (Shoals:3)
  2 necromancers
  3 orc knights
  2 orc sorcerers (Orc:2)
  A frost giant zombie (D:15)
  21 wolf spiders
  4 ugly things
  9 manticores
  15 deep elf magi
  8 fauns
  A moth of wrath (Spider:3)
  7 cyclopes
  7 orb spiders
  7 merfolk sirens
  9 elephants (Lair:6)
  4 black mambas
  2 torpor snails
  3 water nymphs
  5 centaur zombies
  Psyche (D:10)
  12 spiny frogs
  A gargoyle (D:12)
  A rime drake (Lair:2)
  12 demonic crawlers
  4 komodo dragons
  A komodo dragon (shapeshifter) (D:13)
  2 yaktaurs
  A tengu conjurer (D:14)
  6 meliai
  7 trolls
  6 hornets
  2 polar bears
  20 merfolk
  A wind drake (Shoals:4)
  A meliai zombie (D:13)
  4 blink frogs (Lair:4)
  3 raiju (Abyss:3)
  36 jumping spiders
  15 hippogriffs
  7 snapping turtles
  12 dream sheep
  A deep troll zombie (D:15)
  A fire dragon zombie (D:15)
  A spectral black mamba (Gauntlet)
  5 flying skulls (Gauntlet)
  92 redbacks
  An air elemental (Elf:1)
  4 wraiths
  5 water elementals
  27 tarantellas
  33 yaks
  A shadow (D:14)
  A ynoxinul (Abyss:3)
  3 fire bats (Orc:2)
  5 hogs
  3 wyverns
  A golden eye (shapeshifter) (D:13)
  A spectral komodo dragon (Gauntlet)
  3 steam dragons
  3 basilisks
  A human (D:12)
  A hungry ghost (D:10)
  A warg (Orc:1)
  A tengu zombie (D:15)
  18 water moccasins
  14 porcupines
  An acid dragon (D:15)
  9 ice beasts
  A black bear (D:7)
  30 orc warriors
  3 sky beasts
  2 eyes of draining
  A necrophage (D:13)
  12 ogres
  A boggart (D:13)
  15 centaurs
  15 wolves
  14 crocodiles
  An earth elemental (Elf:1)
  6 big kobolds
  A gnoll sergeant (D:6)
  22 bullfrogs
  4 small abominations
  6 scorpions
  6 wights
  7 electric eels
  6 howler monkeys
  9 crimson imps
  2 bullfrog zombies (D:5)
  A quasit (D:5)
  A wyvern simulacrum (D:14)
  5 jellies
  22 orc wizards
  8 orc priests
  A water moccasin simulacrum (D:9)
  6 hounds
  3 bullfrog skeletons (D:13)
  3 centaur skeletons
  A gnoll shaman (D:6)
  13 worker ants
  7 hell rats (Lair:5)
  A killer bee zombie (D:5)
  A hound zombie (D:6)
  A worker ant zombie (D:10)
  10 gnolls (D:6)
  13 adders
  A river rat (D:6)
  6 shadow imps
  2 white imps
  3 ufetubi (D:9)
  6 oozes
  An adder skeleton (D:10)
  An adder zombie (D:6)
  A worm (D:3)
  2 dart slugs (D:1)
  6 leopard geckos
  70 orcs
  9 giant cockroaches
  8 goblins
  9 hobgoblins
  6 jackals
  5 quokkas
  8 bats
  5 frilled lizards
  31 kobolds
  A leopard gecko skeleton (D:4)
  9 rats
  6 fulminant prisms
  7 plants
  2 tentacles (Shoals:3)
1097 creatures vanquished.

Vanquished Creatures (collateral kills)
  A merfolk impaler (Shoals:4)
  2 centaur warriors (Shoals:3)
  A sea snake (Shoals:1)
  2 deep elf archers (Elf:1)
  3 fauns
  2 manticores
  A spiny frog (Lair:3)
  A water nymph (Shoals:3)
  8 merfolk
  2 wind drakes
  2 snapping turtles (Shoals:4)
  An air elemental (Elf:1)
  A yak (Lair:2)
  A water moccasin (Lair:5)
  A wolf (Lair:3)
  2 big kobolds (D:13)
  A bush (Shoals:1)
32 creatures vanquished.

Vanquished Creatures (others)
  A kraken (Shoals:3)
  A deep elf knight (Elf:1)
  2 deep elf magi (Elf:1)
  A jumping spider (Lair:2)
  A hippogriff (D:13)
  An ogre (D:13)
  A human (D:3)
  3 demonic plants (Gauntlet)
  11 fulminant prisms
  15 fungi
  13 plants
  16 starspawn tentacles
  12 tentacles (Shoals:3)
  3 withered plants (D:15)
81 creatures vanquished.

Grand Total: 1210 creatures vanquished

Notes
Turn   | Place    | Note
-------+----------+-------------------------------------------
     0 | D:1      | KapersCrawl the Hill Orc Fire Elementalist began the quest
                  | for the Orb.
     0 | D:1      | Reached XP level 1. HP: 14/14 MP: 3/3
   220 | D:1      | Reached XP level 2. HP: 22/22 MP: 2/4
   361 | D:1      | Reached skill level 1 in Fighting
  1060 | D:1      | Reached XP level 3. HP: 28/28 MP: 0/5
  1131 | D:1      | Learned a level 3 spell: Conjure Flame
  1312 | D:2      | Reached skill level 2 in Fighting
  1312 | D:2      | Reached XP level 4. HP: 36/36 MP: 1/6
  1538 | D:2      | Found an ancient bone altar of Kikubaaqudgha.
  1538 | D:2      | Found a basalt altar of Yredelemnul.
  1540 | D:2      | Found a blossoming altar of Fedhas.
  1540 | D:2      | Found a hazy altar of Hepliaklqana.
  1577 | D:2      | Found a burning altar of Makhleb.
  1577 | D:2      | Found a hide-covered altar of Uskayaw.
  2865 | D:3      | Reached skill level 3 in Fighting
  2865 | D:3      | Reached XP level 5. HP: 38/45 MP: 1/7
  3133 | D:3      | Found an ancient bone altar of Kikubaaqudgha.
  3133 | D:3      | Noticed a human
  3136 | D:3      | Killed a human
  3579 | D:4      | Reached XP level 6. HP: 46/52 MP: 4/9
  3613 | D:4      | Reached skill level 4 in Fighting
  4260 | D:5      | Entered Level 5 of the Dungeon
  4263 | D:5      | Noticed an ice beast
  4324 | D:4      | Killed an ice beast
  4324 | D:4      | Reached skill level 5 in Fighting
  4597 | D:5      | Reached XP level 7. HP: 60/61 MP: 5/10
  4623 | D:5      | Learned a level 4 spell: Sticky Flame
  5169 | D:5      | Reached skill level 6 in Fighting
  5378 | D:5      | Found a staircase to the Ecumenical Temple.
  5389 | Temple   | Entered the Ecumenical Temple
  5554 | Temple   | Became a worshipper of Vehumet
  5850 | D:6      | Reached skill level 5 in Fire Magic
  5850 | D:6      | Reached XP level 8. HP: 55/71 MP: 6/12
  5911 | D:5      | Reached skill level 5 in Conjurations
  6256 | D:6      | Found Jovior's Armour Shop.
  6268 | D:6      | Reached skill level 7 in Fighting
  6398 | D:6      | Found Ysehe's Assorted Antiques.
  6717 | D:6      | Reached * piety under Vehumet
  6717 | D:6      | Offered knowledge of Shock by Vehumet.
  6719 | D:6      | Reached XP level 9. HP: 49/81 MP: 2/13
  6724 | D:6      | Reached skill level 8 in Fighting
  6983 | D:6      | Found Keawugi's Assorted Antiques.
  7395 | D:7      | Identified the Reference Book on Flight
  7399 | D:7      | Learned a level 1 spell: Shock
  8173 | D:8      | Reached skill level 1 in Air Magic
  8298 | D:6      | Bought a pair of runed boots for 187 gold pieces
  8384 | D:8      | Reached ** piety under Vehumet
  8384 | D:8      | Offered knowledge of Magic Dart by Vehumet.
  8929 | D:8      | Reached skill level 9 in Fighting
  9177 | D:9      | Upgraded the game from 0.24-a0-528-g98e85ec62a to
                  | 0.24-a0-530-g18ba70b503
  9286 | D:9      | Reached skill level 1 in Armour
  9388 | D:9      | Offered knowledge of Ignite Poison by Vehumet.
  9431 | D:9      | Learned a level 2 spell: Swiftness
  9492 | D:9      | Noticed a death yak
  9493 | D:9      | Noticed a death yak
  9493 | D:9      | Noticed a death yak
  9615 | D:9      | Reached XP level 10. HP: 91/91 MP: 9/14
  9755 | D:9      | Found a staircase to the Lair.
  9771 | D:9      | Noticed a death yak
  9772 | D:9      | Noticed a death yak
  9772 | D:9      | Noticed a death yak
  9975 | D:9      | Reached *** piety under Vehumet
 10680 | D:9      | Offered knowledge of Dazzling Spray by Vehumet.
 10762 | D:9      | Noticed a death yak
 10919 | D:9      | Reached skill level 10 in Fighting
 11112 | D:9      | Killed a death yak
 11158 | D:8      | Killed a death yak
 11158 | D:8      | Reached skill level 5 in Armour
 11505 | D:10     | Entered Level 10 of the Dungeon
 11577 | D:10     | Noticed a seven-headed hydra
 11599 | D:10     | Killed a seven-headed hydra
 11599 | D:10     | Reached skill level 11 in Fighting
 11599 | D:10     | Reached XP level 11. HP: 18/102 MP: 7/15
 11965 | D:10     | Reached skill level 5 in Air Magic
 11980 | D:10     | Reached **** piety under Vehumet
 12048 | D:10     | Learned a level 5 spell: Fireball
 12066 | D:10     | Noticed Psyche
 12080 | D:10     | Killed Psyche
 12212 | D:10     | Reached skill level 12 in Fighting
 12317 | D:10     | Offered knowledge of Mephitic Cloud by Vehumet.
 12464 | D:9      | Killed a death yak
 12669 | D:8      | Killed a death yak
 12836 | D:9      | Killed a death yak
 12836 | D:9      | Reached skill level 13 in Fighting
 12836 | D:9      | Reached skill level 1 in Charms
 12959 | D:9      | Killed a death yak
 12973 | D:9      | Killed a death yak
 13336 | D:10     | Found a staircase to the Orcish Mines.
 13811 | Lair:1   | Entered Level 1 of the Lair of Beasts
 14028 | Lair:1   | Reached skill level 1 in Evocations
 14285 | Lair:1   | Reached XP level 12. HP: 105/115 MP: 13/18
 15017 | Lair:2   | Noticed a six-headed hydra
 15547 | Lair:2   | Paralysed by a hornet for 2 turns
 15562 | Lair:2   | Reached skill level 14 in Fighting
 15951 | Lair:2   | Reached skill level 5 in Spellcasting
 16065 | Lair:2   | Noticed a six-headed hydra
 16071 | Lair:2   | Killed a six-headed hydra
 16269 | Lair:2   | Noticed an eight-headed hydra
 16276 | Lair:2   | Killed an eight-headed hydra
 16672 | Lair:2   | Reached ***** piety under Vehumet
 16767 | Lair:2   | Found a hole to the Spider Nest.
 16790 | Lair:2   | Killed a six-headed hydra
 16790 | Lair:2   | Reached skill level 5 in Evocations
 16814 | Lair:2   | Noticed a seven-headed hydra
 17049 | Lair:3   | Offered knowledge of Olgreb's Toxic Radiance by Vehumet.
 17407 | Lair:2   | Found a staircase to the Shoals.
 17413 | Lair:2   | Reached XP level 13. HP: 35/125 MP: 4/20
 17759 | Lair:2   | Reached skill level 15 in Fighting
 20917 | Lair:4   | Got a slimy granite ring
 20954 | Lair:3   | Reached skill level 16 in Fighting
 21681 | Lair:4   | Identified the Disquisition on Blistering Benedictions
 21734 | Lair:4   | Noticed Kirke
 21832 | Lair:4   | Killed Kirke
 22015 | Lair:5   | Learned a level 2 spell: Throw Flame
 22019 | Lair:5   | Learned a level 3 spell: Regeneration
 22759 | Lair:5   | Reached XP level 14. HP: 134/137 MP: 2/23
 23806 | Lair:5   | Identified the ring of Umnih {Wiz rC+ SInv} (You found it
                  | on level 4 of the Lair of Beasts)
 24057 | Lair:6   | Entered Level 6 of the Lair of Beasts
 24307 | Lair:6   | Got a crude tin ring
 24564 | Lair:5   | Identified the ring "Xunauci" {rElec SInv} (You found it on
                  | level 6 of the Lair of Beasts)
 24778 | Lair:6   | Offered knowledge of Throw Icicle by Vehumet.
 24933 | Lair:6   | Found a staircase to the Slime Pits.
 25091 | Lair:6   | Found a runed translucent gate.
 25091 | Lair:6   | Found a runed translucent gate.
 25092 | Lair:6   | Found a runed translucent gate.
 25092 | Lair:6   | Noticed Kae's ghost (journeyman MiFi)
 25505 | Lair:6   | Reached skill level 10 in Fire Magic
 25613 | Lair:6   | Noticed Josephine
 26841 | Lair:6   | Noticed a dire elephant
 27026 | Lair:6   | Noticed a dire elephant
 27026 | Lair:6   | Noticed a dire elephant
 27683 | D:11     | Noticed Harold
 27789 | D:11     | Killed Harold
 28118 | D:11     | Noticed Erica
 28262 | D:10     | Reached skill level 10 in Evocations
 28630 | D:11     | Found a roughly hewn altar of Beogh.
 28643 | D:11     | Killed Erica
 29152 | D:12     | Reached skill level 17 in Fighting
 29477 | D:12     | Offered knowledge of Bolt of Fire by Vehumet.
 29659 | D:12     | Learned a level 6 spell: Bolt of Fire
 30092 | D:12     | Found a stormy altar of Qazlal.
 30394 | Orc:1    | Entered Level 1 of the Orcish Mines
 30571 | Orc:2    | Entered Level 2 of the Orcish Mines
 30571 | Orc:2    | Found a staircase to the Elven Halls.
 30571 | Orc:2    | Found Tujamuev's Antique Armour Shop.
 30861 | Orc:2    | Reached XP level 15. HP: 136/147 MP: 6/26
 30922 | Orc:2    | Noticed an orc warlord
 31013 | Orc:1    | Killed an orc warlord
 31839 | Orc:2    | Paralysed by an orc sorcerer for 4 turns
 32045 | Orc:2    | Found Qiahum's Book Shoppe.
 32169 | Orc:2    | Found Jaimum's General Store.
 32229 | Orc:2    | Found Bedgh's Antique Weapon Shoppe.
 32999 | Orc:2    | Bought a potion of invisibility for 80 gold pieces
 32999 | Orc:2    | Bought a scroll of teleportation for 30 gold pieces
 33015 | Orc:2    | Bought a glowing helmet for 165 gold pieces
 33015 | Orc:2    | Bought a pair of glowing gloves for 165 gold pieces
 33295 | D:13     | Found Vemeweh's Gadget Boutique.
 33322 | D:13     | Bought a wand of disintegration (12) for 304 gold pieces
 33379 | D:13     | Noticed Sonja
 33380 | D:13     | Killed Sonja
 33434 | D:13     | Offered knowledge of Spellforged Servitor by Vehumet.
 33453 | D:13     | Paralysed by an ogre mage for 3 turns
 33637 | D:13     | Found a gate leading to a gauntlet.
 33640 | Gauntlet | Entered a Gauntlet
 33640 | Gauntlet | Found a transporter.
 33640 | Gauntlet | Found a transporter.
 33640 | Gauntlet | Found a transporter.
 33644 | Gauntlet | Found a transporter.
 33645 | Gauntlet | Found a transporter.
 33646 | Gauntlet | Found a large runed translucent door.
 33647 | Gauntlet | Found a large runed translucent door.
 33648 | Gauntlet | Found a large runed translucent door.
 33648 | Gauntlet | Found a large runed translucent door.
 33648 | Gauntlet | Found a runed translucent door.
 33648 | Gauntlet | Found a runed translucent door.
 33649 | Gauntlet | Found a large runed translucent door.
 33649 | Gauntlet | Found a large runed translucent door.
 33649 | Gauntlet | Found a large runed translucent door.
 33649 | Gauntlet | Found a large runed translucent door.
 33650 | Gauntlet | Found a large runed translucent door.
 33650 | Gauntlet | Found a large runed translucent door.
 33651 | Gauntlet | Found a large runed translucent door.
 33651 | Gauntlet | Found a large runed translucent door.
 33652 | Gauntlet | Found a transporter.
 33652 | Gauntlet | Found a runed translucent gate.
 33652 | Gauntlet | Found a runed translucent gate.
 33654 | Gauntlet | Found a transporter.
 33655 | Gauntlet | Found a transporter.
 33658 | Gauntlet | Found a transporter.
 33659 | Gauntlet | Found a transporter.
 33660 | Gauntlet | Found a runed translucent gate.
 33674 | Gauntlet | Found a transporter.
 33683 | Gauntlet | Found a transporter.
 33770 | Gauntlet | Found a large runed translucent door.
 33770 | Gauntlet | Found a large runed translucent door.
 33773 | Gauntlet | Found a large runed translucent door.
 33773 | Gauntlet | Found a large runed translucent door.
 34430 | Gauntlet | Got a glittering turquoise ring
 34731 | Gauntlet | Reached skill level 1 in Necromancy
 34977 | Gauntlet | Got a slimy iron ring
 34979 | Gauntlet | Identified the ring of Qaihoif {rC+ MP+9 Int-3 Stlth+} (You
                  | found it in a Gauntlet)
 34981 | Gauntlet | Identified the ring of Picafiys {*Drain Str+7 Stlth+} (You
                  | found it in a Gauntlet)
 35605 | D:13     | Found a gate to the Vaults.
 36020 | D:13     | Reached skill level 18 in Fighting
 36041 | D:13     | Found a basalt altar of Yredelemnul.
 37310 | D:14     | Found a runed translucent door.
 37313 | D:14     | Found a shimmering altar of Xom.
 37313 | D:14     | Noticed Gall2222's ghost (adept TrMo)
 37439 | D:14     | Reached skill level 1 in Shields
 37892 | D:15     | Entered Level 15 of the Dungeon
 37913 | D:15     | Identified Plog's Reference Book on Unholy Arts and Earth
 38196 | D:14     | Reached XP level 16. HP: 124/157 MP: 24/28
 39803 | D:15     | Found a staircase to the Depths.
 39833 | D:15     | Offered knowledge of Bolt of Cold by Vehumet.
 39917 | D:15     | Found a glowing golden altar of the Shining One.
 40552 | D:6      | Bought a metallic brown potion for 22 gold pieces
 40552 | D:6      | Bought a scroll labeled YTAOGE BOTUCVU for 25 gold pieces
 40552 | D:6      | Bought a scroll labeled YGU WOCLATOF for 25 gold pieces
 40552 | D:6      | Bought a wand of enslavement (13) for 50 gold pieces
 40552 | D:6      | Bought a scroll of teleportation for 75 gold pieces
 41716 | Lair:6   | Got a steaming chain mail
 41732 | Lair:6   | Identified the +7 chain mail "Xoorin" {*Drain *Slow rPois
                  | rF+++} (You found it on level 6 of the Lair of Beasts)
 41852 | Lair:6   | Killed Josephine
 42278 | Lair:6   | Killed Kae's ghost
 42278 | Lair:6   | Reached skill level 5 in Shields
 42728 | Orc:2    | Bought a book of Cantrips for 340 gold pieces
 42730 | Orc:2    | Learned a level 1 spell: Animate Skeleton
 42941 | Spider:1 | Entered Level 1 of the Spider Nest
 43413 | Spider:1 | Reached skill level 10 in Conjurations
 44897 | Spider:2 | Offered knowledge of Orb of Destruction by Vehumet.
 44897 | Spider:2 | Reached skill level 19 in Fighting
 45452 | Spider:1 | Learned a level 3 spell: Stone Arrow
 45666 | Spider:2 | Reached XP level 17. HP: 168/168 MP: 15/29
 45854 | Spider:2 | Reached skill level 1 in Earth Magic
 46609 | Spider:2 | Upgraded the game from 0.24-a0-530-g18ba70b503 to
                  | 0.24-a0-537-g2d01d4ab0a
 48664 | Spider:2 | Offered knowledge of Freezing Cloud by Vehumet.
 49959 | Spider:4 | Entered Level 4 of the Spider Nest
 50345 | Spider:4 | Identified Roxanne's Collected Works on Clay
 50345 | Spider:4 | Noticed Roxanne
 51307 | Spider:4 | Killed Roxanne
 51307 | Spider:4 | Reached skill level 5 in Earth Magic
 51342 | Spider:4 | Upgraded the game from 0.24-a0-537-g2d01d4ab0a to
                  | 0.24-a0-580-g6a6c3f83c1
 51667 | Spider:4 | Noticed Mara
 51993 | Shoals:1 | Entered Level 1 of the Shoals
 52402 | Shoals:1 | Reached skill level 20 in Fighting
 52952 | Shoals:1 | Learned a level 4 spell: Fulminant Prism
 53003 | Shoals:2 | Reached skill level 1 in Hexes
 53178 | Shoals:2 | Reached skill level 10 in Spellcasting
 53250 | Shoals:2 | Reached XP level 18. HP: 178/178 MP: 30/32
 54891 | Shoals:3 | Reached skill level 5 in Hexes
 55097 | Shoals:3 | Noticed Nikola
 55115 | Shoals:3 | Killed Nikola
 55390 | Shoals:3 | Identified the +11 whip of Dez Keha {antimagic, rElec
                  | Int+3} (You found it on level 3 of the Shoals)
 55846 | Shoals:4 | Entered Level 4 of the Shoals
 55941 | Shoals:4 | Noticed Bai Suzhen
 55999 | Shoals:4 | Reached skill level 5 in Necromancy
 56028 | Shoals:4 | Reached ****** piety under Vehumet
 56048 | Shoals:4 | Got a barnacled rune of Zot
 56309 | Shoals:4 | Reached skill level 21 in Fighting
 56610 | Shoals:4 | Noticed Aizul
 56630 | Shoals:3 | Killed Aizul
 56630 | Shoals:3 | Reached skill level 1 in Polearms
 57248 | Elf:1    | Entered Level 1 of the Elven Halls
 57294 | Elf:1    | Noticed Agnes
 57301 | Elf:1    | Killed Agnes
 57493 | Elf:1    | Noticed Donald
 57520 | Elf:1    | Killed Donald
 58950 | Elf:1    | Noticed Louise
 58984 | Elf:1    | Cast into level 2 of the Abyss (Louise)
 59006 | Abyss:2  | Found a corrupted altar of Lugonu.
 59187 | Abyss:2  | Noticed a profane servitor
 59208 | Elf:1    | Escaped the Abyss
 59236 | Elf:1    | Cast into level 3 of the Abyss (Louise)
 59286 | Abyss:3  | Found a stormy altar of Qazlal.
 59419 | Abyss:3  | Found a stormy altar of Qazlal.
 59434 | Abyss:3  | Reached XP level 19. HP: 174/189 MP: 17/33
 59550 | Abyss:3  | Found a corrupted altar of Lugonu.
 59706 | Abyss:3  | HP: 7/189 [eidolon (3)]
 59712 | Abyss:3  | Killed from afar by a purple draconian

Levels and vault maps discovered:
D:1:      sevenhm_arrival_forest_fort_small_4, layout_rooms
D:2:      layout_basic, grunt_temple_overflow_open, nrook_mini_vaults
D:3:      layout_rooms, tgw_kikubaaqudgha
D:4:      wad_pebble_path, layout_basic
D:5:      minmay_recursive_quarters, layout_rooms, minmay_temple_entry_statues,
          first_ration
D:6:      layout_basic, serial_shops, kennysheep_mini_moat, shop,
          nicolae_shop_behind_doors, gup_sewer_entry_bowl, lightli_minifort
D:7:      layout_rooms, grunt_ministairs_7
D:8:      layout_basic
D:9:      layout_irregular_city, dpeg_lair_monsters, serial_ice, serial_ice_j,
          serial_ice_d, serial_ice_a, serial_ice_n
D:10:     layout_loops_cross, orc_0_dummy, uniq_psyche
D:11:     layout_cave_pools, special_room [special_room_orc], uniq_erica,
          uniq_harold
D:12:     layout_roguey, basic_altar, grunt_livestock, corexii_hall_statues_x
D:13:     kennysheep_spiral_hall, layout_rooms,
          hangedman_vaults_entry_quadrant_bands, serial_shops, shop,
          gauntlet_entry_generic, basic_altar, uniq_sonja
D:14:     layout_irregular_city, serial_bayou, serial_bayou_pond_d,
          serial_bayou_pond_c, serial_bayou_crossing, serial_bayou_pond_a,
          ebering_ghost_xom, chequers_serial_rivers_small_b
D:15:     gammafunk_depths_entry_grave, layout_rooms,
          nicolae_tso_carved_into_rock
Temple:   regret_index_temple_sphere_string
Lair:1:   layout_gridlike, chequers_serial_rivers_small_b, serial_bayou_shore_a,
          lemuel_fruit_tree
Lair:2:   cheibrodos_lair_overgrown_chateau, layout_big_grid,
          minmay_shoals_entry_lonely_mermaid, spider_nest_entry_funnel_web,
          chequers_serial_rivers_room_b
Lair:3:   layout_loops_ring, lemuel_fruit_fields, grunt_megastairs_2,
          serial_bayou_shore_b
Lair:4:   layout_hall_layers, uniq_kirke
Lair:5:   beast_lair_carwin_large_1, layout_hall_layers
Lair:6:   due_jungle_book, layout_long_grid, nicolae_slime_entry_slimehenge,
          ebering_ghost_rock_garden, uniq_josephine
Shoals:1: layout_shoals, yaktaur_hedge
Shoals:2: layout_shoals
Shoals:3: layout_shoals, hangedman_shoals_cup_caves, uniq_nikola
Shoals:4: shoals_end_simple, layout_shoals, uniq_aizul, uniq_bai_suzhen
Spider:1: layout_spider_delve
Spider:2: layout_spider_delve
Spider:3: layout_spider_delve, guppyfry_spider_mini_3
Spider:4: spider_rune_water, uniq_roxanne, uniq_mara, uniq_asterion,
          uniq_arachne
Orc:1:    layout_diamond_mine, mumra_transporter_accident
Orc:2:    grunt_orc_gardens, layout_diamond_mine, grunt_orc_garden,
          grunt_orc_garden, grunt_orc_garden, grunt_orc_garden,
          nicolae_volcano_entry_batcave
Elf:1:    layout_loops_corners, kennysheep_underground_church, uniq_agnes,
          uniq_louise, uniq_donald
Abyss:3

Skill      XL: |  1  2  3  4  5  6  7  8  9 10 11 12 13 14 15 16 17 18 19 |
---------------+----------------------------------------------------------+-----
Fighting       | 1 2 3 5 6 7 9 11 13 14 16 17 18 19 20 21 | 21.3
Stealth        | 2 4 |  4.0
Conjurations   | 2 3 4 6 7 8 10 | 10.0
Fire Magic     | 4 5 6 7 8 9 10 11 12 13 | 13.0
Spellcasting   | 2 3 4 5 6 7 8 10 | 10.0
Air Magic      | 2 4 5 |  5.0
Armour         | 1 5 6 8 9 |  9.0
Charms         | 2 4 |  4.0
Evocations     | 1 6 9 10 | 10.0
Dodging        | 3 4 |  4.0
Necromancy     | 2 3 4 6 |  6.0
Shields        | 2 5 |  5.0
Earth Magic    | 6 |  6.0
Hexes          | 1 7 |  7.5
Polearms       | 3 4 |  4.2

Action                   |  1- 3 |  4- 6 |  7- 9 | 10-12 | 13-15 | 16-18 | 19-21 || total
-------------------------+-------+-------+-------+-------+-------+-------+-------++-------
Melee: Unarmed           |     6 |       |       |       |       |       |       ||     6
       Club              |    30 |     3 |       |       |       |       |       ||    33
       Dagger            |       |    13 |    38 |       |       |       |       ||    51
       Hunting sling     |       |       |     1 |       |       |       |       ||     1
       Long sword        |       |       |       |     1 |       |       |       ||     1
       Great sword       |       |       |       |    13 |    10 |       |       ||    23
       Staff             |       |       |       |       |    22 |     4 |       ||    26
       Demon trident     |       |       |       |       |       |   160 |    31 ||   191
 Fire: Hunting sling     |       |    84 |   185 |       |     6 |    33 |       ||   308
Throw: Stone             |       |    20 |       |       |       |       |       ||    20
 Cast: Flame Tongue      |    37 |   108 |   148 |    31 |     7 |       |       ||   331
       Conjure Flame     |     1 |     6 |    10 |    28 |    65 |    52 |     5 ||   167
       Sticky Flame      |       |       |    12 |    75 |   154 |   196 |     7 ||   444
       Shock             |       |       |    62 |   442 |   219 |   234 |       ||   957
       Swiftness         |       |       |       |     5 |     1 |       |       ||     6
       Fireball          |       |       |       |    10 |    66 |   108 |       ||   184
       Throw Flame       |       |       |       |       |   914 |   435 |       ||  1349
       Regeneration      |       |       |       |       |     3 |     6 |       ||     9
       Bolt of Fire      |       |       |       |       |     2 |       |       ||     2
       Stone Arrow       |       |       |       |       |       |   638 |    11 ||   649
       Animate Skeleton  |       |       |       |       |       |    41 |     1 ||    42
       Fulminant Prism   |       |       |       |       |       |    17 |       ||    17
Evoke: Wand              |       |       |     2 |     3 |    15 |    42 |     1 ||    63
       Lamp of fire      |       |       |       |     1 |     2 |     6 |       ||     9
       Fan of gales      |       |       |       |       |       |     2 |       ||     2
  Use: Scroll            |       |    12 |     5 |     6 |    21 |    18 |     6 ||    68
       Potion            |       |       |     1 |     1 |     6 |     5 |     3 ||    16
 Stab: Invisible         |       |       |       |       |     1 |     1 |       ||     2
       Distracted        |       |       |       |       |       |     2 |       ||     2
  Eat: Chunk             |     2 |    14 |    12 |    22 |    60 |    39 |       ||   149
       Ration            |       |       |     2 |     6 |    13 |    22 |     1 ||    44
Armor: Robe              |    12 |    16 |    71 |    53 |   172 |    13 |       ||   337
       Skin              |       |       |       |     1 |     2 |       |       ||     3
       Chain mail        |       |       |       |       |       |  1158 |    86 ||  1244
       Swamp dragon scal |       |       |       |       |       |    27 |       ||    27
Dodge: Dodged            |    32 |    34 |   139 |   122 |   385 |   551 |    25 ||  1288
Block: Shield            |       |       |     2 |       |    12 |    28 |       ||    42
       Buckler           |       |       |       |       |       |   386 |    19 ||   405
       Rpst.: Long sword |       |       |     1 |    11 |       |       |       ||    12
       Great sword       |       |       |       |    18 |    32 |       |       ||    50

Table legend:
 A = Non-vault XP
 B = Vault XP
 C = Vault XP percentage of total XP
 D = Non-vault monster count
 E = Vault monster count
 F = Vault count percentage of total count
                 A         B        C        D         E       F
            +---------+---------+-------+---------+---------+-------
      Total |  222891 |   98097 |  30.6 |     877 |     242 |  21.6
            +---------+---------+-------+---------+---------+-------
        D:1 |      36 |       0 |   0.0 |      20 |       0 |   0.0
        D:2 |     106 |       0 |   0.0 |      24 |       0 |   0.0
        D:3 |      78 |       0 |   0.0 |      22 |       0 |   0.0
        D:4 |     348 |       0 |   0.0 |      12 |       0 |   0.0
        D:5 |     348 |     335 |  49.0 |      14 |      10 |  41.7
        D:6 |    1397 |      63 |   4.3 |      29 |       8 |  21.6
        D:7 |     341 |      55 |  13.9 |      11 |       2 |  15.4
        D:8 |    1062 |    1728 |  61.9 |      29 |       2 |   6.5
        D:9 |    1855 |    5398 |  74.4 |      46 |      16 |  25.8
       D:10 |    4192 |    1308 |  23.8 |      29 |       5 |  14.7
       D:11 |    3646 |    2223 |  37.9 |      21 |      13 |  38.2
       D:12 |    4912 |     999 |  16.9 |      28 |       5 |  15.2
       D:13 |    5232 |    8682 |  62.4 |      32 |      23 |  41.8
       D:14 |   13248 |       0 |   0.0 |      30 |       0 |   0.0
       D:15 |    8706 |    4182 |  32.4 |      25 |       8 |  24.2
     Lair:1 |    3472 |       0 |   0.0 |      19 |       0 |   0.0
     Lair:2 |    6961 |    6063 |  46.6 |      26 |      21 |  44.7
     Lair:3 |   11022 |     554 |   4.8 |      41 |       3 |   6.8
     Lair:4 |    5985 |    3204 |  34.9 |      24 |       5 |  17.2
     Lair:5 |    4310 |    1785 |  29.3 |      20 |       8 |  28.6
     Lair:6 |   15757 |    5789 |  26.9 |      30 |      15 |  33.3
   Shoals:1 |   13051 |     367 |   2.7 |      29 |       1 |   3.3
   Shoals:2 |   10886 |    1638 |  13.1 |      23 |       2 |   8.0
   Shoals:3 |   20928 |   11549 |  35.6 |      37 |      12 |  24.5
   Shoals:4 |    3006 |   10490 |  77.7 |       8 |      16 |  66.7
   Spider:1 |   16403 |       0 |   0.0 |      55 |       0 |   0.0
   Spider:2 |   23034 |       0 |   0.0 |      70 |       0 |   0.0
   Spider:3 |   15167 |    1482 |   8.9 |      46 |       6 |  11.5
   Spider:4 |    8226 |    4038 |  32.9 |      18 |       9 |  33.3
      Orc:1 |     854 |    2109 |  71.2 |      16 |       4 |  20.0
      Orc:2 |    1595 |    8691 |  84.5 |      12 |      26 |  68.4
      Elf:1 |    9459 |    7636 |  44.7 |      18 |       8 |  30.8
    Abyss:2 |     841 |       0 |   0.0 |       2 |       0 |   0.0
    Abyss:3 |    6427 |       0 |   0.0 |      11 |       0 |   0.0
   Gauntlet |       0 |    7729 | 100.0 |       0 |      14 | 100.0
            +---------+---------+-------+---------+---------+-------
